 Dungeon Crawl Stone Soup version 0.31-a0-986-g5e6e4ef867 (webtiles) character file.

Game seed: 3238560349329910050

142 IdlyInterested the Trooper (level 5, -1/42 HPs)
             Began as a Demonspawn Gladiator on Nov 14, 2023.
             Killed from afar by an orc wizard (4 damage)
             ... with a puff of flame
             ... on level 3 of the Dungeon.
             The game lasted 00:05:23 (1778 turns).

IdlyInterested the Trooper (Demonspawn Gladiator)   Turns: 1778, Time: 00:05:23

Health: -1/42      AC: 10    Str: 19 (21) XL:     5   Next: 3%
Magic:  6/6        EV:  6    Int:  7 (9)  God:
Gold:   142        SH:  0    Dex: 14 (16) Spells: 6/6 levels left

rFire   . . .        o - +3 short sword
rCold   . . .        (no shield)
rNeg    . . .        v - +0 plate armour
rPois   .            (helmet restricted)
rElec   .            (no cloak)
rCorr   .            (no gloves)
SInv    .            (no boots)
Will    .....        (no amulet) Stlth
                     m - +6 ring of strength
HPRegen 0.27/turn    (no ring)
MPRegen 0.20/turn

%: no passive effects
@: confused, mighty, brilliant
A: antennae 1, magic regeneration
a: no special abilities


You were on level 3 of the Dungeon.
You visited 1 branch of the dungeon, and saw 3 of its levels.

You collected 142 gold pieces.

Inventory:

Hand Weapons
 a - a +0 hand axe
 o - a +3 short sword (weapon)
 q - a +3 short sword
 w - a +0 morningstar
Missiles
 c - 3 throwing nets
 d - a javelin
 f - 24 stones (quivered)
Armour
 p - a +0 ring mail
 v - a +0 plate armour (worn)
Magical Staves
 b - a staff of death
 l - a staff of air
Jewellery
 m - a +6 ring of strength (left hand)
Scrolls
 e - a scroll of identify {unknown}
 h - a scroll of noise {unknown}
 s - a scroll of acquirement {unknown}
 t - a scroll of vulnerability {unknown}
 u - a scroll of teleportation {unknown}
Potions
 g - a potion of haste
 j - a potion of heal wounds {unknown}
 n - a potion of brilliance


   Skills:
 * Level 3.9 Fighting
 - Level 2.0 Throwing
 + Level 1.4 Armour
 - Level 3.0 Dodging
 - Level 1.0 Stealth
 - Level 2.6 Unarmed Combat
 - Level 1.0 Spellcasting
 - Level 1.0 Evocations


You had 6 spell levels left.
You didn't know any spells.
Your spell library contained the following spells:

 Spells                   Type           Power      Damage    Failure   Level
 Inner Flame              Hex/Fire       0%         N/A       100%        3
 Alistair's Intoxication  Tmut/Pois      0%         N/A       100%        5
 Borgnjor's Vile Clutch   Necr/Erth      0%         N/A       100%        5
 Yara's Violent Unravell  Hex/Tmut       0%         3d3       100%        5
 Eringya's Noxious Bog    Tmut/Pois      0%         4d6       100%        6
 Enfeeble                 Hex            0%         N/A       100%        7


Dungeon Overview and Level Annotations

Branches:
Dungeon (3/15)

Altars:

Shops:
D:1 !


Innate Abilities, Weirdness & Mutations

You have a pair of small antennae on your head.
You regenerate magic rapidly.


Message History

The magic dart hits you!
* * * LOW HITPOINT WARNING * * *
Something hits you but does no damage.
You closely miss something. You miss something.
Something hits you but does no damage. x2
You barely miss something.
Something hits you but does no damage. x2
You miss something. You hit something. Your punch misses something.
Something hits you but does no damage. x2
You hit something. Something hits you but does no damage.
You hear some strange, mumbled words.
You are confused.
Found 3 stones.
You feel yourself slow down.
It was a potion of brilliance.
You feel clever all of a sudden.
You hear some strange, mumbled words.
Something tries to affect you, but you resist.
You closely miss something. Something completely misses you.
It was a potion of magic.
Magic courses through your body. Something hits you but does no damage.
The orc hits you but does no damage. Something hits you.
* * * LOW HITPOINT WARNING * * *
It was a potion of degeneration.
There was something very wrong with that liquid.
You feel weakened.
You feel dopey.
You feel clumsy. Something hits you.
* * * LOW HITPOINT WARNING * * *
The orc barely misses you. Something hits you but does no damage.
It was a potion of might.
You feel very mighty all of a sudden.
You hear some strange, mumbled words.
A puff of flame appears from out of thin air!
The puff of flame hits you!
* * * LOW HITPOINT WARNING * * *
The orc barely misses you.
You hear some strange, mumbled words.
A puff of flame appears from out of thin air!
The puff of flame hits you.
You die...

#.... #..# . # ##..# #..#
># ### ##...# #..#
##.#### ..###...# #..#
....... ......#.#
##..###.....[.
......#.####.....#)......
.###.............o.......
...............{{#.{.....
......<........>@#.......
.###.............#.......
.# #.....<.......########
.# #............... .#
#.......#........ .#
####..###........ ##
##..r#....... #
##.(........ #


You could see an orc.

Vanquished Creatures
  An orc priest (D:3)
  A jelly (D:3)
  2 adders (D:3)
  A worm (D:2)
  A dart slug (D:1)
  An orc (D:3)
  3 endoplasms (D:2)
  4 giant cockroaches
  5 goblins
  3 hobgoblins
  8 jackals (D:1)
  2 kobolds
  2 quokkas
  5 ball pythons
  9 bats
  A frilled lizard (D:2)
  5 rats
54 creatures vanquished.

Notes
Turn   | Place    | Note
-------+----------+-------------------------------------------
     0 | D:1      | IdlyInterested the Demonspawn Gladiator began the quest for
                  | the Orb.
     0 | D:1      | Reached XP level 1. HP: 16/16 MP: 1/1
    55 | D:1      | Gained mutation: You regenerate magic rapidly. [demonic
                  | ancestry]
    55 | D:1      | Reached XP level 2. HP: 17/22 MP: 2/2
   349 | D:1      | Found Miulag's Distillery.
   446 | D:1      | Found a faded altar of an unknown god.
   633 | D:1      | Reached skill level 1 in Armour
   772 | D:1      | Discovered your monstrous ancestry.
   772 | D:1      | Gained mutation: You have a pair of small antennae on your
                  | head. [demonic ancestry]
   772 | D:1      | Reached XP level 3. HP: 24/28 MP: 3/3
  1042 | D:2      | Reached skill level 1 in Stealth
  1601 | D:3      | Reached skill level 1 in Evocations
  1649 | D:3      | Reached XP level 4. HP: 29/35 MP: 4/4
  1742 | D:3      | Reached skill level 1 in Spellcasting
  1754 | D:3      | Reached XP level 5. HP: 18/42 MP: 6/6
  1778 | D:3      | Killed from afar by an orc wizard

Illustrated notes

Levels and vault maps discovered:
D:1:      co_arrival_two_rings, layout_loops_ring,
          chequers_ecumenical_altar_twisty, serial_shops, shop,
          hangedman_glass_teeth
D:2:      layout_loops_ring, chequers_serial_rivers_micro_a,
          corexii_leaking_fountain
D:3:      layout_rooms, mainiacjoe_overflow_surrounded_room, amethyst_killhole,
          uniq_crazy_yiuf_cottage

Skill      XL: |  1  2  3  4 |
---------------+-------------+-----
Throwing       | 2 |  2.0
Dodging        | 3 |  3.0
Armour         | 1 |  1.4
Stealth        | 1 |  1.0
Evocations     | 1 |  1.0
Fighting       | 3 |  3.9
Spellcasting   | 1 |  1.0
Unarmed Combat | |  2.6

Action                     |  1- 3 |  4- 6 || total
---------------------------+-------+-------++-------
  Melee: Unarmed           |   111 |       ||   111
         Short sword       |    81 |    39 ||   120
         Punch             |     3 |       ||     3
  Throw: Stone             |     3 |     1 ||     4
    Use: Potion            |       |     5 ||     5
   Stab: Sleeping          |     2 |       ||     2
 Armour: Leather armour    |    51 |       ||    51
         Ring mail         |    37 |     1 ||    38
         Plate armour      |       |    38 ||    38
  Dodge: Dodged            |   132 |    15 ||   147

Table legend: (Time is in decaauts)
 A = Elapsed time spent in this place.
 B = Non-inter-level travel time spent in this place.
 C = Inter-level travel time spent in this place.
 D = Time resting spent in this place.
 E = Time spent auto-exploring this place.
 F = Levels seen in this place.
 G = Mean time per level.
                   A        B        C        D        E       F      G
               +--------+--------+--------+--------+--------+-----+--------+
         Total |   1752 |   1690 |     62 |    172 |    971 |   3 |  584.0 |
       Dungeon |   1752 |   1690 |     62 |    172 |    971 |   3 |  584.0 |
               +--------+--------+--------+--------+--------+-----+--------+

Top non-repeatable levels by time:
     D:1: 904 daAuts
     D:2: 671 daAuts
     D:3: 176 daAuts
